Map: 포트 알렉산더 - 래더

Players

Creator

  • Race: Protoss Protoss
  • Spawn Location: 5:00

herO - Winner!

  • Race: Protoss Protoss
  • Spawn Location: 11:00

Event: IEM Season 13: Katowice (2019)

VOD

Have the link to the VOD?

Description

Time

  • Played on: Feb. 28, 2019, 9:20 a.m.
  • Length: 11:18

All games in this series

Show
View Real Time Build Order
Export as new Build Order

Creator Protoss 

Build Orders: Oracle Opening, Zealot Archon 

Get SALT Encoding   

  12  0:00  Probe  
  13  0:12  Probe  
  14  0:18  Pylon  
  14  0:24  Probe  
  15  0:32  Probe  
  15  0:38  Gateway  
  15  0:40  Probe  
  16  0:47  Assimilator  
  17  0:50  Probe  
  17  0:56  Assimilator  
  18  0:58  Probe  
  19  1:07  Probe  
  19  1:09  Gateway  
  20  1:18  Probe  
  21  1:26  Cybernetics Core  
  21  1:30  Probe  
  22  1:37  Pylon  
  22  1:42  Probe  
  23  1:55  Probe  
  24  2:02  Stalker x2  
  24  2:05  Warp Gate  
  28  2:12  Pylon  
  28  2:21  Stargate  
  28  2:32  Adept  
  28  2:33  Adept  
  32  2:47  Probe  
  33  2:56  Oracle  
  36  3:13  Shield Battery  
  36  3:39  Twilight Council  
  36  3:41  Nexus  
  32  3:42  Gateway  
  32  3:52  Shield Battery  
  32  3:56  Stalker  
  32  4:01  Probe  
  35  4:05  Blink  
  35  4:07  Stalker  
  36  4:13  Probe  
  37  4:26  Probe  
  38  4:32  Pylon  
  38  4:38  Probe  
  39  4:50  Stalker x2  
  43  4:52  Stalker  
  43  4:55  Probe  
  43  4:58  Probe  
  47  5:03  Probe  
  47  5:10  Probe  
  47  5:13  Probe  
  49  5:17  Sentry  
  52  5:22  Probe  
  52  5:23  Robotics Facility  
  52  5:25  Probe  
  54  5:34  Pylon, Probe  
  55  5:37  Probe  
  56  5:45  Sentry  
  56  5:46  Probe  
  56  5:47  Stalker  
  56  5:48  Probe  
  62  5:54  Pylon  
  62  5:56  Probe  
  62  5:58  Probe  
  62  5:59  Charge  
  62  6:00  Assimilator  
  62  6:02  Assimilator  
  64  6:04  Probe  
  64  6:08  Pylon  
  64  6:10  Probe  
  67  6:11  Observer  
  67  6:16  Probe  
  68  6:24  Gateway x2  
  68  6:27  Gateway  
  68  6:32  Stalker  
  67  6:33  Stalker  
  66  6:40  Stalker  
  66  6:43  Probe x2  
  66  7:00  Probe x2  
  66  7:08  Gateway  
  64  7:11  Gateway  
  64  7:12  Warp Prism  
  64  7:13  Gateway, Templar Archives  
  63  7:21  Probe x2  
  65  7:25  Zealot x3  
  65  7:29  Zealot  
  73  7:43  Pylon  
  73  7:45  Pylon  
  73  7:47  Pylon  
  73  7:51  Zealot, High Templar x2  
  79  7:57  Archon  
  81  8:04  High Templar  
  81  8:07  High Templar  
  81  8:08  Zealot x3  
  81  8:09  Zealot, Pylon  
  91  8:19  Zealot  
  93  8:26  Zealot x2  
  97  8:27  Probe  
  97  8:33  Zealot x3  
  105  8:39  High Templar x2  
  108  8:47  Pylon  
  108  8:59  Archon x2  
  103  9:03  Zealot, High Templar x2  
  103  9:04  Zealot x4  
  103  9:07  Archon  
  111  9:17  Zealot x2  
  99  9:31  Zealot x3  
  75  9:43  Zealot x2, Observer  
  75  9:49  Warp Prism  
  75  9:51  Zealot, High Templar x2  
  77  9:58  Archon  
  79  10:14  High Templar x2  
  79  10:15  Zealot x2  
  79  10:19  Archon  
  87  10:33  Zealot x4  
  95  10:39  High Templar  
  95  10:40  High Templar  
  95  10:41  Zealot  
  101  10:44  Archon  
  101  10:49  Stalker  
  103  11:03  Zealot x3  
  85  11:07  Zealot  
  65  11:11  Zealot  
Show
View Real Time Build Order
Export as new Build Order

herO Protoss - Winner!

Build Orders: Phoenix Opening, Archon Immortal 

Get SALT Encoding   

  12  0:00  Probe  
  13  0:13  Probe  
  14  0:17  Pylon  
  14  0:23  Probe  
  15  0:32  Probe  
  15  0:38  Gateway  
  15  0:40  Probe  
  16  0:48  Assimilator  
  17  0:51  Probe  
  17  0:55  Assimilator  
  18  1:01  Probe  
  19  1:09  Gateway, Probe  
  19  1:18  Probe  
  21  1:26  Cybernetics Core  
  21  1:29  Probe  
  22  1:37  Pylon  
  22  1:41  Probe  
  24  2:02  Adept x2  
  24  2:04  Stargate  
  27  2:12  Pylon  
  27  2:14  Warp Gate  
  27  2:18  Probe  
  28  2:32  Adept x2  
  32  2:40  Phoenix  
  34  3:03  Phoenix  
  35  3:16  Pylon  
  35  3:19  Phoenix  
  33  3:42  Phoenix  
  33  3:47  Nexus  
  35  3:53  Probe  
  36  4:03  Stalker  
  36  4:05  Probe  
  41  4:19  Probe, Robotics Facility  
  40  4:24  Phoenix  
  40  4:31  Probe  
  43  4:43  Probe  
  44  4:55  Sentry, Probe, Shield Battery  
  44  4:58  Immortal  
  47  5:02  Probe  
  47  5:06  Phoenix  
  48  5:07  Probe  
  53  5:15  Probe  
  53  5:17  Pylon  
  53  5:19  Probe  
  55  5:25  Probe  
  55  5:28  Probe  
  56  5:33  Probe  
  57  5:36  Probe, Assimilator  
  57  5:37  Observer  
  57  5:38  Assimilator  
  57  5:40  Pylon  
  57  5:42  Probe  
  60  5:45  Probe  
  60  5:48  Shield Battery  
  62  5:52  Probe  
  63  5:57  Probe  
  63  5:59  Immortal  
  63  6:01  Probe  
  63  6:02  Sentry  
  70  6:10  Probe  
  71  6:11  Probe  
  71  6:15  Twilight Council  
  73  6:21  Pylon  
  73  6:22  Probe  
  74  6:29  Immortal  
  78  6:40  Zealot x2  
  78  6:44  Gateway  
  82  6:50  Shield Battery  
  82  7:01  Stalker x2  
  76  7:03  Probe x2  
  80  7:14  Immortal  
  84  7:15  Probe  
  84  7:16  Probe  
  84  7:22  Templar Archives  
  86  7:23  Charge  
  86  7:34  Gateway  
  86  7:35  Gateway  
  86  7:40  Gateway  
  86  7:44  Phoenix  
  86  7:56  Pylon  
  86  7:57  Pylon  
  86  8:01  Gateway  
  86  8:02  Gateway  
  86  8:07  Immortal  
  86  8:10  Phoenix  
  86  8:14  High Templar x2  
  86  8:16  High Templar  
  86  8:19  Archon  
  96  8:23  Pylon  
  96  8:29  High Templar  
  98  8:34  Archon  
  98  8:38  High Templar x2  
  102  8:43  Warp Prism, Archon  
  102  8:46  Nexus  
  104  8:50  Pylon  
  104  8:54  Zealot x2  
  108  9:03  High Templar  
  108  9:09  Pylon x2  
  110  9:10  Zealot x3, High Templar  
  110  9:14  Archon  
  116  9:30  Zealot x3  
  104  9:33  Observer  
  104  9:37  Zealot x4  
  88  9:51  High Templar x2  
  92  9:56  Archon  
  92  9:59  Zealot x4, High Templar x2  
  104  10:03  Archon  
  104  10:15  Nexus  
  104  10:30  Observer  
  104  10:34  Zealot x4, High Templar x2  
  117  10:38  Archon  
  117  10:43  Zealot  
  117  10:44  Zealot  
  117  11:00  Zealot x2  
  117  11:01  Zealot x2  
  115  11:05  Zealot x2  

Tags
 
Add a new tag
Caveats
  • Supply blocks, unpowered buildings, or Contaminate may cause inaccurate times.
  • Supply counts are checked every 10 seconds.